Map: Golden Wall LE

Players

Trap - Winner!

  • Race: Protoss Protoss
  • Spawn Location: 5:00

Astrea

  • Race: Protoss Protoss
  • League: Master
  • Spawn Location: 7:00

Event: DreamHack SC2 Masters 2020 Fall

VOD

Have the link to the VOD?

Description

Time

  • Played on: Sept. 15, 2020, 10:41 a.m.
  • Length: 6:34

All games in this series

Show
View Real Time Build Order
Export as new Build Order

Trap Protoss - Winner!

Build Orders:  

Get SALT Encoding   

  12  0:00  Probe  
  13  0:12  Probe  
  14  0:17  Pylon  
  14  0:24  Probe (Chrono Boost)  
  15  0:37  Probe (Chrono Boost)  
  15  0:38  Gateway  
  16  0:44  Probe (Chrono Boost)  
  16  0:48  Assimilator  
  17  0:51  Probe  
  18  1:03  Pylon, Probe  
  19  1:15  Probe  
  20  1:24  Assimilator, Cybernetics Core  
  20  1:27  Probe  
  21  1:39  Probe  
  22  1:49  Pylon  
  22  1:51  Probe  
  23  1:58  Adept (Chrono Boost)  
  25  2:04  Probe  
  25  2:05  Warp Gate  
  26  2:10  Robotics Facility  
  26  2:21  Adept  
  28  2:38  Nexus  
  28  2:50  Stalker  
  30  2:58  Warp Prism (Chrono Boost)  
  30  3:05  Probe  
  32  3:18  Gateway  
  32  3:31  Immortal (Chrono Boost)  
  32  3:40  Probe  
  37  3:53  Stalker  
  37  3:54  Probe x2  
  41  4:01  Immortal (Chrono Boost)  
  45  4:11  Pylon  
  45  4:14  Sentry  
  47  4:17  Sentry  
  49  4:31  Immortal (Chrono Boost)  
  48  4:38  Stalker  
  54  4:41  Stalker  
  42  5:00  Immortal (Chrono Boost)  
  42  5:05  Stalker  
  47  5:10  Stalker  
  49  5:15  Probe x2  
  51  5:27  Probe x2  
  49  5:36  Stalker x2  
  49  5:40  Probe  
  54  5:45  Pylon  
  54  5:48  Pylon  
  54  6:03  Observer, Probe x2  
  54  6:04  Stalker x2  
  59  6:19  Probe x2  
  57  6:31  Stalker x2  
Show
View Real Time Build Order
Export as new Build Order

Astrea Protoss 

Build Orders:  

Get SALT Encoding   

  12  0:00  Probe  
  13  0:12  Probe  
  14  0:17  Pylon  
  14  0:24  Probe (Chrono Boost)  
  15  0:36  Probe (Chrono Boost)  
  15  0:37  Gateway  
  16  0:45  Probe (Chrono Boost)  
  16  0:46  Assimilator  
  17  0:51  Probe  
  17  0:55  Assimilator  
  18  1:03  Probe (Chrono Boost)  
  19  1:06  Pylon  
  19  1:09  Gateway  
  19  1:13  Probe (Chrono Boost)  
  20  1:19  Probe  
  21  1:26  Cybernetics Core  
  21  1:31  Probe  
  22  1:36  Pylon  
  22  1:43  Probe  
  23  2:00  Warp Gate (Chrono Boost)  
  23  2:09  Nexus  
  23  2:16  Stalker  
  25  2:25  Stalker  
  27  2:51  Gateway  
  27  2:53  Pylon  
  27  2:57  Stalker  
  29  2:59  Stalker  
  31  3:11  Probe  
  32  3:15  Shield Battery  
  32  3:22  Pylon  
  32  3:23  Probe x2  
  34  3:35  Probe  
  35  3:44  Stalker  
  35  3:45  Stalker  
  35  3:46  Stalker  
  41  3:54  Probe  
  43  4:07  Stalker x2  
  43  4:08  Stalker  
  50  4:19  Stargate  
  47  4:28  Stalker x2  
  49  4:44  Zealot  
  43  4:54  Stalker  
  43  4:56  Zealot  
  43  4:58  Probe x2  
  45  5:10  Probe  
  45  5:13  Probe  
  41  5:15  Stalker  
  41  5:25  Probe  
  39  5:29  Stalker  
  39  5:30  Probe  
  36  5:40  Probe  
  36  5:42  Probe  
  38  5:47  Pylon  
  38  5:52  Adept x2  
  42  5:59  Stalker  
  42  6:12  Pylon  
  42  6:16  Stalker  
  42  6:23  Zealot x2  

Tags
 
Add a new tag
Caveats
  • Supply blocks, unpowered buildings, or Contaminate may cause inaccurate times.
  • Supply counts are checked every 10 seconds.